 Dungeon Crawl Stone Soup version 0.27.1-33-g824d729ab1 (webtiles) character file.

Game seed: 7852740664741879111

240 Grabarz the Stinger (level 5, -8/36 (38) HPs)
             Began as a Draconian Venom Mage on Dec 9, 2021.
             Mangled by a hell rat (10 damage)
             ... on level 5 of the Dungeon.
             The game lasted 00:31:28 (5576 turns).

Grabarz the Stinger (Draconian Venom Mage)          Turns: 5576, Time: 00:31:28

HP:   -8/36 (38)    AC:  8    Str:  9 (11) XL:     5   Next: 79%
MP:   7/10          EV: 12    Int: 14 (16) God:
Gold: 224           SH:  0    Dex: 11      Spells: 1/11 levels left

rFire    + . .     SeeInvis .   d - +3 dagger
rCold    + . .     Faith    .   (no shield)
rNeg     . . .     Spirit   .   (armour unavailable)
rPois    .         Reflect  .   (helmet restricted)
rElec    .         Harm     .   f - scarf {rC+ rF+}
rCorr    .         Rampage  .   j - +2 pair of gloves
Will     .....                  (no boots)
Stlth    ++........             (no amulet)
HPRegen  0.12/turn              (no ring)
MPRegen  0.12/turn              (no ring)

@: drained
A: AC +5, unfitting armour, cold-blooded
a: no special abilities


You were on level 5 of the Dungeon.
You visited 1 branch of the dungeon, and saw 5 of its levels.

You collected 224 gold pieces.

Inventory:

Hand Weapons
 d - a +3 dagger (weapon)
Armour
 f - a scarf of resistance (worn)
 j - a +2 pair of gloves (worn)
Scrolls
 a - a scroll of identify
 b - 2 scrolls of blinking
 c - 3 scrolls of enchant armour
 g - a scroll of fear
Potions
 e - a potion of invisibility {unknown}
 h - a potion of curing


   Skills:
 - Level 1.7 Dodging
 - Level 1.7 Stealth
 + Level 3.9 Spellcasting
 - Level 2.4 Transmutations
 + Level 4.8 Poison Magic


You had one spell level left.
You knew the following spells:

 Your Spells              Type           Power      Damage    Failure   Level
a - Sting                 Tmut/Pois      48%        1d5       4%          1
b - Poisonous Vapours     Pois/Air       18%        N/A       11%         2
c - Mephitic Cloud        Conj/Pois/Air  7%         N/A       30%         3
d - Olgreb's Toxic Radia  Pois           16%        N/A       26%         4

Your spell library contained the following spells:

 Spells                   Type           Power      Damage    Failure   Level


Dungeon Overview and Level Annotations

Branches:
Dungeon (5/15)
 Temple: D:4-7

Altars:


Innate Abilities, Weirdness & Mutations

Your plain brown scales are hard. (AC +5)
You cannot fit into any form of body armour.
You are cold-blooded and may be slowed by cold attacks.


Message History

The river rat is heavily wounded.
A river rat comes into view.
The river rat bites you but does no damage.
The river rat moves out of view.
Aiming: Sting (safe; 4% risk of failure)
Press: ? - help, Q - select action, (/) - cycle Shift-Dir - straight line, f/p - river rat
Aim: a river rat (almost dead, very poisoned, 68% to hit)
The sting hits the river rat but does no damage.
The river rat looks even sicker.
The river rat is almost dead.
You hear a deafening roar!
The hell rat bites you!
You feel drained.
A river rat comes into view.
You hear a deafening roar!
Casting: Sting (safe; 4% risk of failure)
Confirm with . or Enter, or press ? or * to list all spells.
The spell is quite dangerous to cast (30% risk of failure)!
Continue anyway?
Aiming: Mephitic Cloud (quite dangerous; 30% risk of failure)
Press: ? - help, Shift-Dir - straight line, f/p - river rat
Aim: a river rat (almost dead, very poisoned, chance to affect: 91%)
You miscast Mephitic Cloud.
You are very lightly contaminated with residual magic.
Nothing appears to happen.
You hear a deafening roar!
The hell rat bites you!
A hell rat comes into view.
You kill the river rat!
The hell rat bites you but does no damage.
The hell rat bites you!
* * * LOW HITPOINT WARNING * * *
Your magical contamination has completely faded away.
The hell rat bites you but does no damage.
You see here a river rat corpse.
The hell rat closely misses you. The hell rat bites you!
* * * LOW HITPOINT WARNING * * *
You feel drained.
You see here a river rat corpse.
The hell rat bites you!
You die...

######### ######........
#.............
####...).........
..............†.. #########
###.............
###.#.r.#.#### #.............
##r.#.###.#rr@###.............
##.#####
######÷#####.#........ ###.##
####.# #.#........ #..##
.##..## #.#........ r###
.##.### #.#<....... #.## .r
##.## #†#.######. .#.#######r#
.##.# #.#.# .
###r.##..r#...##.## #.#.#
###.......# #..# #.#.#####


You could see 2 hell rats.

Vanquished Creatures
  A scorpion (D:4)
  An iguana (D:4)
  4 adders
  5 river rats (D:5)
  A white imp (D:3)
  3 worms
  2 dart slugs
  5 ball pythons
  7 bats
  7 endoplasms
  4 giant cockroaches
  6 goblins
  2 hobgoblins
  5 kobolds
  2 quokkas
  5 rats
60 creatures vanquished.

Notes
Turn   | Place    | Note
-------+----------+-------------------------------------------
     0 | D:1      | Grabarz the Draconian Venom Mage began the quest for the
                  | Orb.
     0 | D:1      | Reached XP level 1. HP: 14/14 MP: 3/3
   500 | D:1      | Reached XP level 2. HP: 20/20 MP: 3/5
   548 | D:1      | Found a faded altar of an unknown god.
  1069 | D:1      | Learned a level 2 spell: Poisonous Vapours
  1403 | D:2      | Reached XP level 3. HP: 26/26 MP: 4/6
  1426 | D:2      | Learned a level 3 spell: Mephitic Cloud
  3235 | D:3      | Reached XP level 4. HP: 33/33 MP: 0/8
  3924 | D:4      | Noticed a phantom
  3997 | D:4      | Reached skill level 4 in Poison Magic
  4452 | D:4      | Noticed a scorpion
  4457 | D:4      | Killed a scorpion
  4458 | D:4      | Reached XP level 5. HP: 38/38 MP: 0/10
  5117 | D:4      | Learned a level 4 spell: Olgreb's Toxic Radiance
  5171 | D:5      | Entered Level 5 of the Dungeon
  5572 | D:5      | HP: 1/37 [hell rat (7)]
  5576 | D:5      | Mangled by a hell rat

Illustrated notes

Levels and vault maps discovered:
D:1:      roderic_crossed_star, layout_basic,
          shapermc_ecumenical_altar_acropolis
D:2:      layout_loops_corners, minmay_cupped
D:3:      layout_basic
D:4:      layout_loops_ring
D:5:      wander_guarded_unrand_ratskin, layout_basic,
          mainiacjoe_overflow_concentric_impassable,
          lightli_ossuary_entry_decrepit_ruins, uniq_eustachio

Skill      XL: |  1  2  3  4 |
---------------+-------------+-----
Transmutations | 2 |  2.4
Spellcasting   | 3 |  3.9
Poison Magic   | 4 |  4.8
Dodging        | |  1.7
Stealth        | |  1.7

Action                   |  1- 3 |  4- 6 || total
-------------------------+-------+-------++-------
Melee: Dagger            |     2 |    15 ||    17
       Tailslap          |       |     2 ||     2
 Cast: Sting             |    77 |    36 ||   113
       Poisonous Vapours |    13 |    23 ||    36
  Use: Scroll            |     6 |     2 ||     8
       Potion            |     2 |     1 ||     3
Armor: Skin              |    15 |    13 ||    28
Dodge: Dodged            |    28 |    24 ||    52
